 Dungeon Crawl Stone Soup version 0.22.1-1-ga44c0e5 (webtiles) character file.

65 Iscandelvey the Magician (level 3, 0/26 HPs)
             Began as a Demigod Wizard on Oct 13, 2018.
             Slain by a gnoll
             ... wielding a cursed -3 halberd
              (7 damage)
             ... on level 2 of the Dungeon.
             The game lasted 00:05:07 (1493 turns).

Iscandelvey the Magician (Demigod Wizard)           Turns: 1493, Time: 00:05:07

Health: 0/26       AC:  5    Str: 10    XL:     3   Next: 67%
Magic:  6/11       EV:  9    Int: 24    God:
Gold:   51         SH:  7    Dex: 14    Spells: 4/9 levels left

rFire    . . .     SeeInvis .   c - +1 dagger (venom)
rCold    . . .     Gourm    .   j - +1 shield {AC+3}
rNeg     . . .     Faith    .   a - +0 robe
rPois    .         Spirit   .   b - +0 hat
rElec    .         Reflect  .   (no cloak)
rCorr    .         Harm     .   (no gloves)
MR       .....                  (no boots)
Stlth    ++........             (no amulet)
HPRegen  0.08/turn              (no ring)
MPRegen  0.12/turn              (no ring)

@: very slightly contaminated
A: high mp 1
a: no special abilities


You were on level 2 of the Dungeon.
You were not hungry.

You visited 1 branch of the dungeon, and saw 2 of its levels.

You collected 51 gold pieces.

Inventory:

Hand Weapons
 c - a +1 dagger of venom (weapon)
Armour
 a - a +0 robe (worn)
 b - a +0 hat (worn)
 j - a +1 shield of protection (worn)
Scrolls
 e - 4 scrolls of identify {unknown}
 g - a scroll of immolation {unknown}
 h - a scroll of fog {unknown}
 i - a scroll of blinking {unknown}
 k - a scroll of teleportation {unknown}
Comestibles
 d - 2 rations
 f - 3 chunks of flesh


   Skills:
 + Level 2.1 Dodging
 + Level 2.0 Stealth
 + Level 0.1 Shields
 * Level 3.7 Spellcasting
 * Level 1.4 Conjurations
 + Level 0.8 Summonings
 + Level 0.8 Translocations


You had 4 spell levels left.
You knew the following spells:

 Your Spells              Type           Power        Failure   Level  Hunger
a - Magic Dart            Conj           ##..         36%         1    None
b - Blink                 Tloc           N/A          58%         2    #......
c - Call Imp              Summ           #.......     58%         2    #......

Your spell library contained the following spells:

 Spells                   Type           Power        Failure   Level  Hunger
 Slow                     Hex            #.......     71%         2    #......
 Conjure Flame            Conj/Fire      #.......     83%         3    ##.....
 Mephitic Cloud           Conj/Pois/Air  #.......     86%         3    ##.....


Dungeon Overview and Level Annotations

Branches:
Dungeon (2/15)


Innate Abilities, Weirdness & Mutations

You have an increased reservoir of magic. (+10% MP)


Message History

You hit the gnoll.
The gnoll is lightly wounded.
The gnoll hits you with a halberd.
* * * LOW HITPOINT WARNING * * *
You hit the gnoll.
The gnoll is poisoned.
The gnoll is moderately wounded.
You block the gnoll's attack.
Casting: Magic Dart (safe; 36% risk of failure)
Confirm with . or Enter, or press ? or * to list all spells.
You miscast Blink.
You are very lightly contaminated with residual magic.
You spin around.
Casting: Blink (safe; 58% risk of failure)
Confirm with . or Enter, or press ? or * to list all spells.
You blink.
Casting: Blink (safe; 58% risk of failure)
Confirm with . or Enter, or press ? or * to list all spells.
You miscast Call Imp.
Your head hurts.
The gnoll hits you from afar with a halberd!
You die...

####.##..# #...).....
#.##.##...
############.##.##.## ...
#............##......
.....##.##...#####.#####..(
........g......# #.#####.##
.....##........# #.......##
.....##...@.(..###.########
......#............# # ##
#.####.$.#..#..# #
#..............# #
#.......#####..# #
#.......# #..#.......
#.......# #..........
.............# #..#.......
#.#.##.......# #..##.###.#


You could see a gnoll.

Vanquished Creatures
  2 gnolls (D:2)
  An ooze (D:1)
  A dart slug (D:1)
  2 leopard geckos (D:1)
  A giant cockroach (D:2)
  4 goblins
  2 hobgoblins (D:2)
  8 jackals
  3 bats
  2 frilled lizards (D:1)
  4 kobolds
  8 rats
38 creatures vanquished.

Notes
Turn   | Place    | Note
-------+----------+-------------------------------------------
     0 | D:1      | Iscandelvey the Demigod Wizard began the quest for the Orb.
     0 | D:1      | Reached XP level 1. HP: 14/14 MP: 6/6
   115 | D:1      | Reached skill level 1 in Conjurations
   175 | D:1      | Reached skill level 3 in Spellcasting
   204 | D:1      | Reached XP level 2. HP: 18/20 MP: 4/8
   885 | D:1      | Learned a level 2 spell: Blink
   888 | D:1      | Learned a level 2 spell: Call Imp
   919 | D:2      | Reached XP level 3. HP: 26/26 MP: 8/10
  1493 | D:2      | Slain by a gnoll

Skill      XL: |  1  2  3 |
---------------+----------+-----
Conjurations   | 1 |  1.4
Spellcasting   | 3 |  3.7
Dodging        | 2 |  2.1
Stealth        | 2 |  2.0
Shields        | |  0.1
Summonings     | |  0.8
Translocations | |  0.8

Action                   || total
-------------------------++-------
Melee: Dagger            ||    72
       Unarmed           ||     6
 Cast: Magic Dart        ||    22
       Blink             ||     1
 Stab: Sleeping          ||     4
  Eat: Chunk             ||     2
Armor: Robe              ||    13
Dodge: Dodged            ||    41
Block: Shield            ||    15
